 Dungeon Crawl Stone Soup version 0.21-a0-251-g5e8393f (webtiles) character file.

130 tidbits the Insei (level 4, -6/34 HPs)
             Began as a Demigod Transmuter on Sept 5, 2017.
             Mangled by Crazy Yiuf
             ... wielding a +3 quarterstaff of chaos
              (11 damage)
             ... on level 3 of the Dungeon.
             The game lasted 00:11:14 (1437 turns).

tidbits the Insei (Demigod Transmuter)              Turns: 1437, Time: 00:11:14

Health: -6/34      AC:  3    Str: 13    XL:     4   Next: 60%
Magic:  9/9        EV: 12    Int: 19    God:
Gold:   95         SH:  0    Dex: 18    Spells: 1/7 levels left

rFire    . . .     SeeInvis .   a - +0 dagger (venom)
rCold    . . .     Gourm    .   (no shield)
rNeg     . . .     Faith    .   b - +0 robe
rPois    .         Spirit   .   E - +0 helmet
rElec    .         Reflect  .   (no cloak)
rCorr    .         Harm     .   (no gloves)
MR       +....                  (no boots)
Stlth    ++........             (no amulet)
HPRegen  0.11/turn              q - ring of protection from magic
MPRegen  0.11/turn              (no ring)

@: lethally poisoned (-6 -> -19), very slightly contaminated
A: agile 1, high mp 1, evolution 1
a: no special abilities


You were on level 3 of the Dungeon.
You were not hungry.

You visited 1 branch of the dungeon, and saw 3 of its levels.

You collected 95 gold pieces.

Inventory:

Hand Weapons
 a - a +0 dagger of venom (weapon)
   (You took it off a kobold on level 1 of the Dungeon)
 g - a +0 blowgun
Missiles
 e - 68 arrows
 r - a throwing net {!f}
 s - 5 tomahawks (quivered)
 t - 35 poisoned needles
Armour
 b - a +0 robe (worn)
 E - a +0 helmet (worn)
Jewellery
 q - a ring of protection from magic (left hand)
   (You found it on level 3 of the Dungeon)
Scrolls
 h - a scroll of random uselessness {unknown}
 l - a scroll of immolation {unknown}
 m - a scroll of recharging {unknown}
 n - a scroll of fog {unknown}
 o - a scroll of magic mapping
Potions
 i - a potion of degeneration {unknown}
 j - 2 potions of invisibility
 p - a potion of magic
 v - a potion of resistance {unknown}
 w - a potion of ambrosia {unknown}
 z - a potion of flight {unknown}
Books
 c - a book of Changes

   Spells                             Type                      Level
   a - Beastly Appendage              Transmutation                1
   b - Sticks to Snakes               Transmutation                2
   c - Spider Form                    Transmutation/Poison         3
   d - Ice Form                       Ice/Transmutation            4
   e - Blade Hands                    Transmutation                5
Comestibles
 d - a bread ration
 k - a royal jelly
 u - 3 fruits
 x - a meat ration


   Skills:
 - Level 0.8 Fighting
 - Level 1.7 Dodging
 - Level 1.0 Stealth
 + Level 4.1 Unarmed Combat
 - Level 2.0 Spellcasting
 - Level 3.0 Transmutations


You had one spell level left.
You knew the following spells:

 Your Spells              Type           Power        Failure   Level  Hunger
e - Beastly Appendage     Tmut           ##....       4%          1    #......
k - Sticks to Snakes      Tmut           ##......     8%          2    ###....
p - Spider Form           Tmut/Pois      #.........   26%         3    ###....


Dungeon Overview and Level Annotations

Branches:
Dungeon (3/15)

Annotations:
D:3 Crazy Yiuf, Grinder


Innate Abilities, Weirdness & Mutations

You have an increased reservoir of magic. (+10% MP)
You are agile. (Dex +2)
You evolve.


Message History

You are feeling hungry.
Your transformation has ended.
Your +0 dagger of venom unmelds from your body.
Your +0 helmet unmelds from your body.
Your +0 robe unmelds from your body.
Your +0 dagger of venom begins to drip with poison!
Eat a chunk of flesh? (ye/n/q)
You eat the chunk of flesh.
This raw flesh tastes terrible.
There is an open door here.
Items here: ( )) [ a club; 15 stones; a leather armour; a club You see here a club.
Found a twisted moonstone ring.
Found 5 gold pieces.
Found 8 gold pieces.
q - a twisted moonstone ring Put on which piece of jewellery? (? for menu, Esc to quit)
q - a ring of protection from magic (left hand)
A goblin comes into view.
You see here 5 gold pieces.
You hit the goblin.
The goblin is poisoned.
The goblin is heavily wounded.
The goblin misses you.
You hit the goblin.
You kill the goblin!
You now have 95 gold pieces (gained 5).
A hobgoblin comes into view. It is wielding a club.
You see here a goblin corpse.
Casting: Spider Form
Confirm with . or Enter, or press ? or * to list all spells.
Your feet morph into talons.
You barely miss the hobgoblin. Your kick misses the hobgoblin.
The hobgoblin misses you.
You hit the hobgoblin.
You kill the hobgoblin!
You see here a club.
Your transformation is almost over.
A bat comes into view.
The bat hits you but does no damage.
You closely miss the bat. The bat barely misses you.
The bat hits you but does no damage.
You hit the bat but do no damage.
The bat is poisoned.
You claw the bat.
You kill the bat!
Your talons disappear.
Found a runed door.
Casting: Beastly Appendage
Confirm with . or Enter, or press ? or * to list all spells.
You miscast Spider Form.
You are very lightly contaminated with residual magic.
You feel odd.
Casting: Spider Form
Confirm with . or Enter, or press ? or * to list all spells.
You miscast Spider Form.
Strange energies run through your body.
Casting: Spider Form
Confirm with . or Enter, or press ? or * to list all spells.
You turn into a venomous arachnid creature.
Your +0 dagger of venom melds into your body.
Your +0 helmet melds into your body.
Your +0 robe melds into your body.
Your +0 dagger of venom stops dripping with poison.
You open the door.
Crazy Yiuf the Enlightened comes into view.
He is wielding a quarterstaff of chaos.
Crazy Yiuf shouts!
Found a mace.
Your transformation is almost over.
There is an open door here.
Crazy Yiuf hits you with a quarterstaff of chaos!
You are confused.
You bump into the stone wall.
Crazy Yiuf completely misses you.
It was a potion of magic.
Magic courses through your body.
Crazy Yiuf hits you with a quarterstaff of chaos.
You feel your power leaking away.
You're too confused to move!
Crazy Yiuf barely misses you.
You bump into the stone wall.
Crazy Yiuf hits you with a quarterstaff of chaos.
Crazy Yiuf freezes you.
You bump into the stone wall.
You feel less confused. Crazy Yiuf barely misses you.
You hit Crazy Yiuf but do no damage.
Crazy Yiuf is poisoned.
You hit Crazy Yiuf.
Crazy Yiuf looks as sick as possible!
Crazy Yiuf is moderately wounded.
Crazy Yiuf misses you.
You hit Crazy Yiuf but do no damage.
Crazy Yiuf is moderately wounded.
Your transformation has ended.
Your +0 dagger of venom unmelds from your body.
Your +0 helmet unmelds from your body.
Your +0 robe unmelds from your body.
Your +0 dagger of venom begins to drip with poison!
Crazy Yiuf hits you with a quarterstaff of chaos!
* * * LOW HITPOINT WARNING * * *
You are lethally poisoned!
* * * LOW HITPOINT WARNING * * *
You feel sick.
It was a potion of mutation.
You feel extremely strange.
You feel agile.
You feel nature experimenting on you.
Don't worry, failures die fast.
* * * LOW HITPOINT WARNING * * *
You feel sick.
Crazy Yiuf hits you with a quarterstaff of chaos!
You die...

#....###########..#
#.)..# #..# #....#
##### #..## #....#
#)..# #...# #....#
#...# #...#########
#....# #...#
#..........##
#....# #'#
##########.#.
#....# ♣g♣♣ #.#.
####.# ♣♣@♣ #.#.
#.# ♣.♣♣ #.## #.#
♣♣.♣ #..# #.# ♣♣.♣♣
##.. #.# ♣♣PP.♣ ##.
#.# ♣....♣ #. #.#
##..## #.
#.####....# ##
#........## #


You could see Crazy Yiuf.

Vanquished Creatures
  An orc wizard (D:3)
  2 adders (D:3)
  4 dart slugs
  A worm (D:3)
  5 orcs (D:3)
  7 bats
  A giant cockroach (D:2)
  8 goblins
  11 hobgoblins
  3 jackals (D:1)
  A quokka (D:2)
  3 frilled lizards
  9 kobolds
  5 rats
61 creatures vanquished.

Vanquished Creatures (collateral kills)
  2 leopard geckos
  A goblin (D:2)
3 creatures vanquished.

Grand Total: 64 creatures vanquished

Notes
Turn   | Place    | Note
-------+----------+-------------------------------------------
     0 | D:1      | tidbits the Demigod Transmuter began the quest for the Orb.
     0 | D:1      | Reached XP level 1. HP: 15/15 MP: 5/5
    50 | D:1      | Reached skill level 2 in Spellcasting
   201 | D:1      | Reached skill level 2 in Transmutations
   294 | D:1      | Reached XP level 2. HP: 19/22 MP: 5/7
   305 | D:1      | Learned a level 2 spell: Sticks to Snakes
   470 | D:2      | Reached skill level 1 in Stealth
   743 | D:1      | Reached XP level 3. HP: 15/27 MP: 4/8
   748 | D:1      | Learned a level 3 spell: Spider Form
   943 | D:3      | Reached skill level 3 in Transmutations
  1058 | D:3      | Reached skill level 3 in Unarmed Combat
  1179 | D:3      | Reached XP level 4. HP: 24/34 MP: 4/9
  1193 | D:3      | Reached skill level 4 in Unarmed Combat
  1328 | D:3      | Noticed Grinder
  1417 | D:3      | Found a runed door.
  1424 | D:3      | Noticed Crazy Yiuf
  1437 | D:3      | Gained mutation: You are agile. (Dex +2) [potion of mutation]
  1437 | D:3      | Gained mutation: You evolve. [potion of mutation]
  1437 | D:3      | Mangled by Crazy Yiuf

Vault maps used:
D:1:      dpeg_arrival_oval
D:3:      kennysheep_six_static_rooms, lemuel_coloured_pillars_altar,
          uniq_grinder, uniq_crazy_yiuf_cottage

Skill      XL: |  1  2  3  4 |
---------------+-------------+-----
Spellcasting   | 2 |  2.0
Transmutations | 2 3 |  3.0
Stealth        | 1 |  1.0
Unarmed Combat | 3 4 |  4.1
Fighting       | |  0.8
Dodging        | |  1.7

Action                   |  1- 3 |  4- 6 || total
-------------------------+-------+-------++-------
Melee: Unarmed           |    46 |    13 ||    59
       Dagger            |    87 |    19 ||   106
       Headbutt          |     7 |       ||     7
       Kick              |    14 |     3 ||    17
       Punch             |       |     1 ||     1
 Cast: Beastly Appendage |    23 |     2 ||    25
       Sticks to Snakes  |     8 |     1 ||     9
       Spider Form       |     5 |     3 ||     8
  Use: Potion            |     1 |     2 ||     3
       Scroll            |     1 |       ||     1
 Stab: Sleeping          |     1 |       ||     1
  Eat: Chunk             |     2 |     2 ||     4
Armor: Robe              |    20 |     5 ||    25
Dodge: Dodged            |    80 |    22 ||   102

Table legend:
 A = Spawn XP
 B = Non-spawn XP
 C = Spawn XP percentage of total XP
 D = Spawn monster count
 E = Non-spawn monster count
 F = Spawn count percentage of total count
 G = Total turns spent on level
                    A         B        C        D         E        F      G
               +---------+---------+-------+---------+---------+-------+---------
         Total |       5 |     182 |   2.7 |       3 |      61 |   4.7 |  1437
               +---------+---------+-------+---------+---------+-------+---------
           D:1 |       3 |      27 |  10.0 |       2 |      16 |  11.1 |   662
           D:2 |       0 |      33 |   0.0 |       0 |      19 |   0.0 |   263
           D:3 |       2 |     122 |   1.6 |       1 |      26 |   3.7 |   512
               +---------+---------+-------+---------+---------+-------+---------

Table legend:
 A = Turns spent in this place as a percentage of turns spent in the entire game.
 B = Non-inter-level travel turns spent in this place as a percentage of non-inter-level travel turns spent in the entire game.
 C = Inter-level travel turns spent in this place as a percentage of turns spent in this place.
 D = Turns resting spent in this place as a percentage of non-inter-level travel turns spent in this place.
 E = Turns spent auto-exploring this place as a percentage of non-inter-level travel turns spent in this place.
 F = Non-inter-level travel turns spent in this place divided by the number of levels of this place that you've seen.
                   A       B       C       D       E      F
               +-------+-------+-------+-------+-------+----------------------
         Total | 100.0 | 100.0 |  11.1 |   0.0 |   0.0 | 426.0
       Dungeon | 100.0 | 100.0 |  11.1 |   0.0 |   0.0 | 426.0
               +-------+-------+-------+-------+-------+----------------------

Table legend:
 A = Kills in this place as a percentage of kills in entire the game.
 B = Kills by you in this place as a percentage of kills by you in the entire game.
 C = Kills by friends in this place as a percentage of kills by friends in the entire game.
 D = Other kills in this place as a percentage of other kills in the entire game.
 E = Experience gained in this place as a percentage of experience gained in the entire game.
 F = Experience gained in this place divided by the number of levels of this place that you have seen.
                   A       B       C       D       E      F
               +-------+-------+-------+-------+-------+----------------------
         Total | 100.0 | 100.0 | 100.0 |   N/A | 100.0 |  62.3
       Dungeon | 100.0 | 100.0 | 100.0 |   N/A | 100.0 |  62.3
               +-------+-------+-------+-------+-------+----------------------

Vault maps used:
D:1:      dpeg_arrival_oval
D:3:      kennysheep_six_static_rooms, lemuel_coloured_pillars_altar,
          uniq_grinder, uniq_crazy_yiuf_cottage
